 Dungeon Crawl Stone Soup version 0.28-a0-519-gbfeecf2fc5 (webtiles) character file.

Game seed: 16467981247592139676

69909 speeev33 the Warrior (level 15, -2/107 HPs)
             Began as a Gargoyle Fighter on Sept 23, 2021.
             Was a High Priest of Okawaru.
             Slain by an entropy weaver simulacrum (16 damage)
             ... in an ice cave.
             The game lasted 01:06:12 (28049 turns).

speeev33 the Warrior (Gargoyle Fighter)            Turns: 28049, Time: 01:06:14

Health: -2/107     AC: 37    Str: 26    XL:     15   Next: 31%
Magic:  20/20      EV:  8    Int: 12    God:    Okawaru [*****.]
Gold:   1522       SH: 12    Dex:  9    Spells: 14/14 levels left

rFire   . . .      SeeInvis .   B - +4 flail
rCold   + . .      Faith    .   x - +0 kite shield
rNeg    + . .      Spirit   .   l - +0 chain mail
rPois   ∞          Reflect  .   J - +2 helmet {Int+3}
rElec   +          Harm     .   j - +2 cloak
rCorr   .          Rampage  .   c - +0 pair of gloves
Will    +....                   N - +1 pair of boots {Fly}
Stlth   ..........              d - amulet of the acrobat
HPRegen 0.27/turn               q - +4 ring of protection
MPRegen 0.17/turn               m - ring of protection from cold

@: flying
A: sickness immunity, AC +11, big wings, negative energy resistance 1,
electricity resistance, torment resistance 1, petrification resistance
a: Renounce Religion, Heroism, Finesse, Duel


You were in an ice cave.
You worshipped Okawaru.
Okawaru was extremely pleased with you.
You visited 4 branches of the dungeon, and saw 20 of its levels.
You also visited: Ice Cave.

You collected 1522 gold pieces.

Inventory:

Hand Weapons
 w - a +0 morningstar
 B - a +4 flail (weapon)
Missiles
 k - 83 poisoned darts
 r - a boomerang of dispersal
 y - 4 throwing nets (quivered)
Armour
 c - a +0 pair of gloves (worn)
 i - a scarf of repulsion
 j - a +2 cloak (worn)
 l - a +0 chain mail (worn)
 x - a +0 kite shield (worn)
 J - a +2 helmet of intelligence (worn)
 N - a +1 pair of boots of flying (worn)
Jewellery
 a - a +6 ring of intelligence
 b - a +6 ring of strength
 d - an amulet of the acrobat (around neck)
 e - a +6 ring of strength
 h - a ring of positive energy
 m - a ring of protection from cold (right hand)
 q - a +4 ring of protection (left hand)
 P - a ring of protection from fire
Wands
 g - a wand of acid (19)
 n - a wand of polymorph (2)
 p - a wand of flame (43)
 t - a wand of digging (4)
 A - a wand of paralysis (7)
 D - a wand of mindburst (30)
 H - a wand of iceblast (26)
Scrolls
 u - 5 scrolls of fog
 C - 8 scrolls of amnesia
 F - a scroll of blinking
 M - 5 scrolls of identify
 R - 3 scrolls of enchant armour
Potions
 f - 5 potions of lignification
 o - 3 potions of magic
 s - 3 potions of resistance
 v - 2 potions of cancellation
 z - 8 potions of ambrosia
 G - 3 potions of attraction
 I - 2 potions of brilliance
 L - a potion of haste
 O - a potion of mutation
 T - a potion of berserk rage


   Skills:
 + Level 17.2 Fighting
 - Level 14.0 Maces & Flails
 - Level 10.0 Armour
 - Level 15.0 Shields
 - Level 7.0 Invocations


You had 14 spell levels left.
You didn't know any spells.
Your spell library contained the following spells:

 Spells                   Type           Power      Damage    Failure   Level
 Apportation              Tloc           0%         N/A       83%         1
 Magic Dart               Conj           0%         1d3       83%         1
 Shock                    Conj/Air       0%         1d3       83%         1
 Blink                    Tloc           N/A        N/A       93%         2
 Searing Ray              Conj           0%         2d4       93%         2
 Slow                     Hex            0%         N/A       93%         2
 Confusing Touch          Hex            0%         N/A       99%         3
 Conjure Flame            Conj/Fire      0%         6-21      99%         3
 Dazzling Flash           Conj/Hex       0%         N/A       99%         3
 Ignite Poison            Fire/Tmut/Pois 0%         N/A       99%         3
 Lesser Beckoning         Tloc           0%         N/A       99%         3
 Stone Arrow              Conj/Erth      0%         3d7       99%         3
 Swiftness                Air            0%         N/A       99%         3
 Airstrike                Air            0%         N/A       100%        4
 Fulminant Prism          Conj/Hex       0%         3d6       100%        4
 Sticky Flame             Conj/Fire      0%         2d3       100%        4
 Agony                    Necr           0%         N/A       100%        5
 Manifold Assault         Tloc           0%         N/A       100%        5
 Silence                  Hex/Air        0%         N/A       100%        5
 Yara's Violent Unravell  Hex/Tmut       0%         3d3       100%        5
 Lehudib's Crystal Spear  Conj/Erth      0%         10d2      100%        8
 Animate Skeleton         Necr           Unusable   N/A       N/A         1
 Summon Small Mammal      Summ           Unusable   N/A       N/A         1
 Animate Armour           Summ/Erth      Unusable   N/A       N/A         4

Dungeon Overview and Level Annotations

Branches:
Dungeon (12/15)            Temple (1/1) D:4            Lair (6/6) D:10
 Shoals (0/4) Lair:3        Snake (0/4) Lair:2        Slime (0/5) Lair:5
    Orc (1/2) D:11          IceCv (1/1)

Altars:
Cheibriados
Hepliaklqana
Kikubaaqudgha
Makhleb
Okawaru
Ru
Sif Muna
Trog
Uskayaw
Vehumet
Yredelemnul
Zin
The Shining One
Lugonu

Shops:
Orc:1 [*

Portals:
Abyss: Lair:6

Annotations:
Lair:5 exclusion: 3 oklob plants


Innate Abilities, Weirdness & Mutations

You are immune to sickness and miasma.
Your stone body is resilient. (AC +11)
You are immune to poison.
Your large and strong wings let you fly.
You resist negative energy. (rN+)
You are resistant to electric shocks. (rElec)
You are resistant to unholy torment.
You are immune to petrification.


Message History

The entropy weaver simulacrum is moderately damaged.
The entropy weaver simulacrum hits you.
The entropy weaver simulacrum freezes you!
You resist.
* * * LOW HITPOINT WARNING * * *
The entropy weaver simulacrum hits you but does no damage. x3
You hit the entropy weaver simulacrum.
The entropy weaver simulacrum is heavily damaged.
You bludgeon the entropy weaver simulacrum!!
The entropy weaver simulacrum is almost destroyed.
The entropy weaver simulacrum barely misses you.
You block the entropy weaver simulacrum's attack.
The entropy weaver simulacrum hits you but does no damage. x2
You barely miss the entropy weaver simulacrum.
The entropy weaver simulacrum is almost destroyed.
You block the entropy weaver simulacrum's attack.
The entropy weaver simulacrum hits you but does no damage.
The entropy weaver simulacrum misses you.
The entropy weaver simulacrum barely misses you.
You hit the entropy weaver simulacrum.
The entropy weaver simulacrum vaporises!
Okawaru accepts your kill.
You barely miss the entropy weaver simulacrum.
You hit the entropy weaver simulacrum.
The entropy weaver simulacrum is lightly damaged.
You block the entropy weaver simulacrum's attack.
The entropy weaver simulacrum hits you.
* * * LOW HITPOINT WARNING * * *
The entropy weaver simulacrum freezes you!
You resist.
* * * LOW HITPOINT WARNING * * *
The entropy weaver simulacrum hits you but does no damage. x2
You hit the entropy weaver simulacrum.
The entropy weaver simulacrum is lightly damaged.
The entropy weaver simulacrum closely misses you.
The entropy weaver simulacrum hits you.
* * * LOW HITPOINT WARNING * * *
The entropy weaver simulacrum freezes you!
You resist.
You die...

#..## #.[# ##
##..###)(# .#
##..#8..## .#
##......# ##.
#......####..
#.......##..#
#........#..#
##......Z##.#
#.....##@..#
##.....##..##
#.....####.#
#...###..#####
##.####≈#≈#
####≈≈≈≈≈#
#≈≈≈≈≈≈≈#
##≈≈≈≈≈##### .
##..#≈###..##


You could see an entropy weaver simulacrum.

Vanquished Creatures
  Fannar (D:10)
  Harold (D:9)
  2 boulder beetles
  3 catoblepae
  8 hydras
  A two-headed ogre (D:12)
  11 death yaks
  4 slime creatures (D:12)
  3 thrashing horrors (Lair:6)
  4 ugly things
  An orc sorcerer (Orc:1)
  An oklob plant (Lair:3)
  25 elephants
  7 black mambas
  Maurice (D:10)
  A guardian serpent (shapeshifter) (Lair:6)
  A gargoyle (D:11)
  12 cane toads
  7 komodo dragons
  2 rime drakes
  A freezing wraith (IceCv)
  7 ice devils (IceCv)
  An ancient zyme (Lair:6)
  An entropy weaver simulacrum (IceCv)
  3 trolls
  A queen bee (shapeshifter) (Lair:6)
  A queen bee (Lair:1)
  A jumping spider (shapeshifter) (Lair:6)
  Grinder (D:5)
  The ghost of lunkers the Skirmisher, an amateur DjCA of Ignis (D:4)
  2 hornets
  A polar bear (Lair:6)
  19 blink frogs
  A wraith (D:12)
  3 wyverns
  A shadow (D:11)
  A vampire (D:12)
  A spriggan (Lair:6)
  A dire elephant simulacrum (IceCv)
  5 basilisks
  43 yaks
  3 steam dragons
  Grum (D:8)
  2 large abominations (Lair:6)
  3 ynoxinuls (Lair:6)
  A chaos spawn (Lair:6)
  2 death yak simulacra (IceCv)
  4 vampire mosquitoes (D:9)
  A harpy simulacrum (IceCv)
  A warg (Orc:1)
  14 water moccasins
  6 nagas
  3 sky beasts
  An orc warrior (Orc:1)
  2 black bears
  2 ogres
  8 small abominations (Lair:6)
  24 wolves
  A necrophage (D:5)
  5 centaurs
  A phantom (D:11)
  5 kobold brigands
  17 bullfrogs
  4 gnoll sergeants
  2 scorpions
  A two-headed ogre simulacrum (IceCv)
  4 cane toad simulacra (IceCv)
  2 water moccasin skeletons (D:4)
  4 troll zombies (D:11)
  21 killer bees
  An elephant simulacrum (IceCv)
  An electric eel (Lair:4)
  4 wights
  9 howler monkeys
  6 centaur zombies
  4 quasits (D:4)
  6 orc priests
  11 hounds
  A gnoll shaman (D:8)
  A bullfrog skeleton (D:6)
  An iguana (D:6)
  A centaur skeleton (D:7)
  Ijyb (D:4)
  Terence (D:2)
  11 orc wizards
  3 polar bear simulacra (IceCv)
  A spriggan simulacrum (IceCv)
  4 killer bee zombies
  A troll simulacrum (IceCv)
  4 ogre zombies (D:11)
  The ghost of SirDiesAlot the Sneak, a weakling MiDe (D:5)
  A hound skeleton (D:5)
  A hound zombie (D:3)
  23 gnolls
  A howler monkey skeleton (D:6)
  12 adders
  12 white imps (Orc:1)
  3 ufetubi
  2 worms
  2 dart slugs
  38 orcs
  2 bats (D:2)
  5 endoplasms
  A giant cockroach (D:3)
  12 goblins
  4 hobgoblins
  5 jackals
  2 quokkas
  7 ball pythons
  4 frilled lizards
  2 goblin skeletons (D:11)
  A goblin zombie (D:11)
  A hobgoblin skeleton (D:11)
  4 hobgoblin zombies (D:11)
  25 kobolds
  2 orc skeletons (D:11)
  14 orc zombies (D:11)
  A rat (D:1)
597 creatures vanquished.

Vanquished Creatures (others)
  An orc wizard (Orc:1)
  A kobold (D:9)
  A bush (D:5)
  43 fungi
  53 plants
99 creatures vanquished.

Grand Total: 696 creatures vanquished

Notes
Turn   | Place    | Note
-------+----------+-------------------------------------------
     0 | D:1      | speeev33 the Gargoyle Fighter began the quest for the Orb.
     0 | D:1      | Reached XP level 1. HP: 14/14 MP: 1/1
   162 | D:1      | Found a faded altar of an unknown god.
   239 | D:1      | Reached XP level 2. HP: 19/19 MP: 2/2
   669 | D:2      | Noticed Terence
   671 | D:2      | Reached XP level 3. HP: 20/24 MP: 3/3
   679 | D:2      | Killed Terence
   695 | D:2      | Reached XP level 4. HP: 19/29 MP: 4/4
   829 | D:2      | Reached skill level 4 in Fighting
  1450 | D:3      | Reached XP level 5. HP: 26/33 MP: 5/5
  2225 | D:4      | Found a transporter.
  2269 | D:4      | Noticed lunkers's ghost (amateur DjCA)
  2424 | D:4      | Found a transporter.
  2449 | D:4      | Reached XP level 6. HP: 29/40 MP: 6/6
  2583 | D:4      | Noticed Ijyb
  2654 | D:4      | Killed Ijyb
  2655 | D:4      | Reached skill level 5 in Fighting
  2656 | D:4      | Reached skill level 5 in Armour
  2796 | D:4      | Found a staircase to the Ecumenical Temple.
  2812 | Temple   | Entered the Ecumenical Temple
  2820 | Temple   | Became a worshipper of Warmaster Okawaru
  3016 | D:4      | Found a hazy altar of Hepliaklqana.
  3198 | D:5      | Entered Level 5 of the Dungeon
  3198 | D:5      | Noticed Grinder
  3212 | D:5      | Noticed a necrophage
  3212 | D:5      | Found a runed translucent gate.
  3212 | D:5      | Found a runed translucent gate.
  3212 | D:5      | Found a runed translucent gate.
  3215 | D:5      | Noticed SirDiesAlot's ghost (weakling MiDe)
  3215 | D:5      | Noticed a troll
  3253 | D:4      | Reached XP level 7. HP: 32/44 MP: 7/7
  3574 | D:5      | Paralysed by Grinder for 6 turns
  3588 | D:5      | Paralysed by Grinder for 5 turns
  3597 | D:5      | Paralysed by Grinder for 2 turns
  3614 | D:5      | Killed Grinder
  3614 | D:5      | Reached * piety under Okawaru
  3615 | D:5      | Reached skill level 6 in Fighting
  3615 | D:5      | Reached skill level 5 in Maces & Flails
  4085 | D:5      | Found a shimmering blue altar of Sif Muna.
  4143 | D:5      | Reached XP level 8. HP: 37/51 MP: 8/8
  4242 | D:5      | Found a glowing silver altar of Zin.
  4621 | D:4      | Killed lunkers's ghost
  4657 | D:4      | Lost dexterity.
  4694 | D:4      | Reached skill level 7 in Fighting
  5555 | D:4      | Identified the ring "Vomeap" {*Corrode rPois Dex+6 Stlth+}
  5825 | D:6      | Reached XP level 9. HP: 52/58 MP: 9/9
  5865 | D:6      | Noticed a hornet
  5875 | D:6      | Killed a hornet
  5875 | D:6      | Reached ** piety under Okawaru
  5956 | D:6      | Reached skill level 8 in Fighting
  6919 | D:7      | Reached skill level 1 in Invocations
  7052 | D:7      | Reached *** piety under Okawaru
  7191 | D:7      | Reached skill level 9 in Fighting
  7360 | D:8      | Reached XP level 10. HP: 52/66 MP: 11/11
  7963 | D:8      | Noticed Grum
  7979 | D:8      | Killed Grum
  8085 | D:8      | Found a snail-covered altar of Cheibriados.
  8374 | D:8      | Reached **** piety under Okawaru
  9345 | D:9      | Reached skill level 5 in Shields
  9904 | D:9      | Reached skill level 10 in Armour
 10382 | D:9      | Reached skill level 10 in Fighting
 10610 | D:10     | Entered Level 10 of the Dungeon
 10610 | D:10     | Found a staircase to the Lair.
 10630 | D:10     | Reached skill level 5 in Invocations
 10638 | D:9      | Reached XP level 11. HP: 38/72 MP: 14/14
 10832 | D:10     | Noticed Harold
 10832 | D:10     | Noticed Fannar
 11104 | D:9      | Killed Harold
 11332 | D:10     | Reached ***** piety under Okawaru
 11383 | D:10     | Killed Fannar
 11953 | D:10     | Noticed Maurice
 11961 | D:10     | Killed Maurice
 12249 | Lair:1   | Entered Level 1 of the Lair of Beasts
 13047 | Lair:1   | Reached skill level 11 in Fighting
 13096 | Lair:1   | Reached skill level 10 in Maces & Flails
 13104 | Lair:1   | Received a gift from Okawaru
 13948 | Lair:2   | Noticed a six-headed hydra
 13961 | Lair:2   | Killed a six-headed hydra
 13962 | Lair:2   | Reached XP level 12. HP: 52/80 MP: 14/17
 14340 | Lair:2   | Found a staircase to the Snake Pit.
 14711 | Lair:2   | Noticed a boulder beetle
 14736 | Lair:2   | Killed a boulder beetle
 14823 | Lair:2   | Reached skill level 12 in Fighting
 15018 | D:5      | Killed SirDiesAlot's ghost
 15692 | Lair:3   | Found a staircase to the Shoals.
 16020 | Lair:2   | Received a gift from Okawaru
 16826 | Lair:3   | Reached skill level 10 in Shields
 17219 | Lair:3   | Noticed a catoblepas
 17238 | Lair:3   | Killed a catoblepas
 17239 | Lair:3   | Reached skill level 13 in Fighting
 17399 | Lair:3   | Noticed a four-headed hydra
 17410 | Lair:3   | Killed a four-headed hydra
 17411 | Lair:3   | Reached XP level 13. HP: 82/88 MP: 18/18
 19969 | Lair:5   | Found a staircase to the Slime Pits.
 20853 | Lair:6   | Entered Level 6 of the Lair of Beasts
 20883 | Lair:4   | Reached skill level 14 in Fighting
 20921 | Lair:4   | Received a gift from Okawaru
 21766 | Lair:6   | Identified the +11 hand axe of Guile {spect, rC- Str-2
                  | Int+7}
 21931 | Lair:6   | Gained mutation: Your large and strong wings let you fly.
                  | [Gargoyle growth]
 21931 | Lair:6   | Reached XP level 14. HP: 96/96 MP: 19/19
 21986 | Lair:6   | Reached ****** piety under Okawaru
 21994 | Lair:6   | Received a gift from Okawaru
 22962 | Lair:6   | Reached skill level 15 in Fighting
 23204 | Lair:6   | Found a corrupted altar of Lugonu.
 23204 | Lair:6   | Found a one-way gate to the infinite horrors of the Abyss.
 23913 | Lair:6   | Identified the +6 dire flail "Waic" {vorpal, *Slow Will+
                  | Int+3} (Okawaru gifted it to you on level 6 of the Lair of
                  | Beasts)
 23913 | Lair:6   | Received a gift from Okawaru
 24313 | Lair:6   | Reached skill level 16 in Fighting
 24736 | Lair:6   | Reached XP level 15. HP: 82/105 MP: 16/20
 25479 | D:11     | Received a gift from Okawaru
 25506 | D:11     | Found a staircase to the Orcish Mines.
 27273 | Orc:1    | Entered Level 1 of the Orcish Mines
 27298 | Orc:1    | Found Kiramet's Assorted Antiques.
 27313 | Orc:1    | Found Kasaonon's Armour Shoppe.
 27322 | Orc:1    | Found a frozen archway.
 27398 | IceCv    | Entered an ice cave
 27424 | IceCv    | Reached skill level 15 in Shields
 27895 | IceCv    | Found an ancient bone altar of Kikubaaqudgha.
 27915 | IceCv    | Reached skill level 17 in Fighting
 27992 | IceCv    | HP: 2/107 [dire elephant simulacrum (14)]
 28049 | IceCv    | Slain by an entropy weaver simulacrum

Illustrated notes

Levels and vault maps discovered:
D:1:      saegor_arrival_simple_a, layout_basic,
          hellmonk_ecumenical_altar_run_dry
D:2:      layout_rooms, kennysheep_generic_room_4, uniq_terence
D:3:      layout_loops_cross
D:4:      layout_rooms, lemuel_tele_altar, minmay_temple_entry_waves,
          gammafunk_ghost_stat_death, minmay_door_square, hex_intersection,
          uniq_ijyb
D:5:      layout_cave_pools, mainiacjoe_overflow_swirl, gammafunk_ghost_split,
          kb_lookout_dungeons_type, uniq_grinder
D:6:      layout_cave_pools, kennysheep_generic_room_2
D:7:      layout_cave_pools
D:8:      layout_cave_pools, kennysheep_slug_shrine, serial_gnoll_camp,
          gnoll_camp_mini_house, grums_kennel, gnoll_camp_mini_loothouse,
          gnoll_camp_huts_moat
D:9:      layout_long_grid, amethyst_killhole
D:10:     layout_layer_cave, lair_entry_dummy, minmay_misc_feat_rugged,
          uniq_maurice, uniq_harold, uniq_fannar
D:11:     layout_cave_pods, zombieorc2_lemuel
D:12:     layout_basic
Temple:   eino_narrow_crystal_temple
Lair:1:   layout_roguey, special_room [special_room_bee],
          infiniplex_staircase_pool_2
Lair:2:   layout_loops_ring, minmay_snake_entry_guardpost_large,
          nzn_sisyphean_effort
Lair:3:   layout_chaotic_city, elwin_shoals_entry_rocks, minmay_lair_oklob_items
Lair:4:   layout_cave_pods, grunt_megastairs_1, serial_bayou_shore_a,
          serial_bayou_shore_b, lemuel_fruit_fields
Lair:5:   layout_gridlike, minmay_slime_entry_oklob_open, wad_woods_river_03,
          st_stairs_6, grunt_megastairs_4
Lair:6:   hellmonk_lair_end_abyssal_woods, layout_cave_pods, st_stairs_4,
          lemuel_fruit_tree
Orc:1:    layout_diamond_mine, portal_ice_cave_entry_imps, serial_shops,
          shop_fountains, shop, nicolae_shop_trees, nicolae_shop_trees, shop,
          nicolae_shop_clearance
IceCv:    ice_cave_small_necro

Skill      XL: |  1  2  3  4  5  6  7  8  9 10 11 12 13 14 15 |
---------------+----------------------------------------------+-----
Fighting       | 4 5 6 7 9 10 11 13 14 16 17 | 17.2
Shields        | 4 5 8 10 12 14 15 | 15.0
Armour         | 4 5 6 7 9 10 | 10.0
Maces & Flails | 3 4 5 6 8 9 10 11 13 14 | 14.0
Invocations    | 2 5 7 |  7.0

Action                   |  1- 3 |  4- 6 |  7- 9 | 10-12 | 13-15 || total
-------------------------+-------+-------+-------+-------+-------++-------
Melee: Flail             |    21 |       |       |   820 |  1487 ||  2328
       Whip              |    32 |   227 |   543 |   166 |       ||   968
       Unarmed           |       |     7 |       |    11 |       ||    18
Throw: Dart              |       |       |    20 |       |       ||    20
       Throwing net      |       |       |       |     1 |     1 ||     2
Invok: Heroism           |       |       |     2 |     9 |    11 ||    22
       Finesse           |       |       |       |     5 |     2 ||     7
Evoke: Wand              |       |       |       |    12 |     3 ||    15
  Use: Scroll            |     1 |     2 |    10 |     5 |     7 ||    25
       Potion            |     1 |       |     2 |     2 |     6 ||    11
 Stab: Confused          |       |       |       |     1 |       ||     1
       Paralysed         |       |       |       |     3 |       ||     3
Armor: Scale mail        |    30 |    49 |       |       |       ||    79
       Chain mail        |       |    56 |   653 |   693 |   813 ||  2215
       Skin              |       |       |       |     3 |       ||     3
Dodge: Dodged            |    27 |   101 |   392 |   522 |   534 ||  1576
Block: Buckler           |     9 |    44 |   153 |    10 |       ||   216
       Kite shield       |       |       |       |   585 |   813 ||  1398

Table legend: (Time is in decaauts)
 A = Elapsed time spent in this place.
 B = Non-inter-level travel time spent in this place.
 C = Inter-level travel time spent in this place.
 D = Time resting spent in this place.
 E = Time spent auto-exploring this place.
 F = Levels seen in this place.
 G = Mean time per level.
                   A        B        C        D        E       F      G
               +--------+--------+--------+--------+--------+-----+--------+
         Total |  27962 |  26547 |   1415 |  10623 |   7142 |  21 | 1331.5 |
       Dungeon |  14973 |  14062 |    911 |   4994 |   4385 |  12 | 1247.8 |
        Temple |     16 |      9 |      7 |      0 |      0 |   1 |   16.0 |
          Lair |  12263 |  11766 |    497 |   5257 |   2757 |   6 | 2043.8 |
  Orcish Mines |    105 |    105 |      0 |      0 |      0 |   1 |  105.0 |
      Ice Cave |    603 |    603 |      0 |    372 |      0 |   1 |  603.0 |
               +--------+--------+--------+--------+--------+-----+--------+

Top non-repeatable levels by time:
  Lair:6: 3040 daAuts
     D:4: 2714 daAuts
     D:9: 2401 daAuts
  Lair:4: 2362 daAuts
  Lair:2: 2162 daAuts
  Lair:5: 1689 daAuts
     D:8: 1568 daAuts
  Lair:3: 1539 daAuts
  Lair:1: 1468 daAuts
    D:10: 1207 daAuts
    D:11: 1201 daAuts
     D:5: 1182 daAuts
     D:3: 901 daAuts
     D:6: 883 daAuts
     D:7: 857 daAuts
